 Dungeon Crawl Stone Soup version 0.22-a0-322-g60b3cfd (webtiles) character file.

16 Kairos the Cudgeler (level 2, -1/22 HPs)
             Began as a Demonspawn Gladiator on Apr 5, 2018.
             Slain by a leopard gecko (3 damage)
             ... on level 1 of the Dungeon.
             The game lasted 00:00:47 (693 turns).

Kairos the Cudgeler (Demonspawn Gladiator)           Turns: 693, Time: 00:00:47

Health: -1/22      AC:  6    Str: 14    XL:     2   Next: 37%
Magic:  2/2        EV: 13    Int:  9    God:
Gold:   7          SH:  0    Dex: 14    Spells: 1/1 levels left

rFire    . . .     SeeInvis .   a - +0 flail
rCold    . . .     Gourm    .   (no shield)
rNeg     . . .     Faith    .   b - +0 leather armour
rPois    .         Spirit   .   c - +0 helmet
rElec    .         Reflect  .   (no cloak)
rCorr    .         Harm     .   (no gloves)
MR       .....                  (no boots)
Stlth    +.........             (no amulet)
HPRegen  0.07/turn              (no ring)
MPRegen  0.08/turn              (no ring)

@: no status effects
A: molten scales 1
a: no special abilities


You were on level 1 of the Dungeon.
You were not hungry.

You visited 1 branch of the dungeon, and saw 1 of its levels.

You collected 7 gold pieces.

Inventory:

Hand Weapons
 a - a +0 flail (weapon)
Missiles
 d - 3 throwing nets (quivered)
Armour
 b - a +0 leather armour (worn)
 c - a +0 helmet (worn)
Scrolls
 e - a scroll of identify {unknown}
 g - a scroll of remove curse {unknown}
 h - 2 scrolls of enchant weapon {unknown}
 i - a scroll of amnesia {unknown}
Comestibles
 f - a ration


   Skills:
 + Level 2.0 Fighting
 + Level 3.0 Maces & Flails
 + Level 2.0 Throwing
 + Level 0.1 Armour
 + Level 2.9 Dodging


You had one spell level left.
You didn't know any spells.

Dungeon Overview and Level Annotations

Branches:
Dungeon (1/15)

Altars:


Innate Abilities, Weirdness & Mutations

You are partially covered in molten scales. (AC +2)


Message History

You miss the leopard gecko.
The leopard gecko is severely wounded.
The leopard gecko barely misses you.
The leopard gecko bites you but does no damage.
You barely miss the leopard gecko.
The leopard gecko is severely wounded.
The leopard gecko bites you.
* * * LOW HITPOINT WARNING * * *
You completely miss the leopard gecko.
The leopard gecko is severely wounded.
The leopard gecko misses you.
The leopard gecko completely misses you.
You miss the leopard gecko.
The leopard gecko is severely wounded.
The leopard gecko bites you but does no damage.
You barely miss the leopard gecko.
The leopard gecko is severely wounded.
The leopard gecko bites you but does no damage.
The leopard gecko bites you.
You die...

.....# # +# .. (.... . ..
... ...##. .# ....#...## #.
...#...## .## .......##
##+##.# ###...## ## #...#@##
#.'..... #.##...##l#
#.#...## #####.#.....#.#####
#.#...#
..................####.##.##
..!.................##.##.#
....................##.##+##
...........................#
...........................#
...........$...............#


You could see a leopard gecko.

Vanquished Creatures
  2 leopard geckos (D:1)
  A bat (D:1)
  A goblin (D:1)
  A hobgoblin (D:1)
  3 jackals (D:1)
  A frilled lizard (D:1)
  2 kobolds (D:1)
  A rat (D:1)
12 creatures vanquished.

Notes
Turn   | Place    | Note
-------+----------+-------------------------------------------
     0 | D:1      | Kairos the Demonspawn Gladiator began the quest for the Orb.
     0 | D:1      | Reached XP level 1. HP: 16/16 MP: 1/1
   417 | D:1      | Reached skill level 3 in Maces & Flails
   539 | D:1      | Gained mutation: You are partially covered in molten scales. (AC +2) [demonic ancestry]
   539 | D:1      | Reached XP level 2. HP: 18/22 MP: 2/2
   693 | D:1      | Slain by a leopard gecko

Vault maps used:
D:1:      lemuel_arrival_funnel, grunt_decor_clamped

Skill      XL: |  1 |
---------------+----+-----
Throwing       | 2 |  2.0
Maces & Flails | 3 |  3.0
Fighting       | |  2.0
Armour         | |  0.1
Dodging        | |  2.9

Action                   || total
-------------------------++-------
Melee: Flail             ||    59
Armor: Leather armour    ||    25
Dodge: Dodged            ||    59

Table legend:
 A = Spawn XP
 B = Non-spawn XP
 C = Spawn XP percentage of total XP
 D = Spawn monster count
 E = Non-spawn monster count
 F = Spawn count percentage of total count
 G = Total turns spent on level
                    A         B        C        D         E        F      G
               +---------+---------+-------+---------+---------+-------+---------
         Total |       0 |      23 |   0.0 |       0 |      12 |   0.0 |   693
               +---------+---------+-------+---------+---------+-------+---------
           D:1 |       0 |      23 |   0.0 |       0 |      12 |   0.0 |   693
               +---------+---------+-------+---------+---------+-------+---------
